 Dungeon Crawl Stone Soup version 0.18.1-50-g88ac8fd (webtiles) character file.

219 KarmaPolice the Poker (level 5, -7/42 HPs)
             Began as a Merfolk Gladiator on Sept 27, 2016.
             Mangled by an ice beast (12 damage)
             ... on level 3 of the Dungeon.
             The game lasted 00:04:47 (2694 turns).

KarmaPolice the Poker (Merfolk Gladiator)           Turns: 2694, Time: 00:04:47

Health: -7/42      AC:  4    Str: 16    XL:     5   Next: 96%
Magic:  5/5        EV: 15    Int:  8    God:
Gold:   174        SH:  0    Dex: 14    Spells: 0 memorised, 4 levels left

rFire  . . .     SeeInvis .     a - +0 trident
rCold  . . .     Gourm    .     b - +0 leather armour
rNeg   . . .     Faith    .     (no shield)
rPois  .         Spirit   .     c - +0 helmet
rElec  .         Dismiss  .     (no cloak)
rCorr  .         Reflect  .     (no gloves)
SustAt .         Harm     .     (no boots)
MR     .....                    (no amulet)
Stlth  +.........               (no ring)
                                (no ring)

@: not resistant to hostile enchantments, very unstealthy
A: change form in water, swift swim
a: no special abilities


You were on level 3 of the Dungeon.
You were not hungry.

You visited 1 branch of the dungeon, and saw 3 of its levels.

You collected 174 gold pieces.

Inventory:

Hand Weapons
 a - a +0 trident (weapon)
 n - a +2 spear of freezing
Missiles
 d - 3 throwing nets (quivered)
Armour
 b - a +0 leather armour (worn)
 c - a +0 helmet (worn)
 s - a +2 helmet
 w - a +1 pair of gloves
Wands
 v - a wand of enslavement (6/24)
Scrolls
 e - a scroll of random uselessness
 i - a scroll of teleportation
 l - a scroll of enchant armour
 q - a scroll of magic mapping
 x - a scroll of blinking
Potions
 g - 3 potions of curing {unknown}
 m - 2 potions of agility {unknown}
 o - a potion of invisibility {unknown}
 t - 2 potions of heal wounds {unknown}
Comestibles
 f - 4 bread rations
 j - a beef jerky
 k - 2 meat rations
 p - a royal jelly
 r - a slice of pizza
 u - 4 chunks of flesh


   Skills:
 + Level 3.8 Fighting
 + Level 6.6 Polearms
 - Level 2.0 Throwing
 + Level 5.9 Dodging


You had 4 spell levels left.
You didn't know any spells.

Dungeon Overview and Level Annotations

Branches:
Dungeon (3/15)

Altars:

Annotations:
D:2 Sigmund


Message History

The ice beast misses you.
You puncture the ice beast!
The ice beast is moderately wounded.
The ice beast closely misses you.
You closely miss the ice beast.
The ice beast is moderately wounded.
The ice beast hits you but does no damage.
You closely miss the ice beast.
The ice beast is moderately wounded.
The ice beast hits you but does no damage.
You hit the ice beast.
The ice beast is moderately wounded.
The ice beast hits you. The ice beast freezes you!
* * * LOW HITPOINT WARNING * * *
You hit the ice beast but do no damage.
The ice beast is moderately wounded.
The ice beast hits you.
* * * LOW HITPOINT WARNING * * *
The ice beast freezes you!
You die...

##.....## ##.......## #.........#
#.........# #.........#
#...).....#
##############.........#
.........(.............#
##############..@Y.....#
#.<....†..# #
###########.........###.. . ##
#........................ ..
.###.....######.......####.. .
.........# ##.....## ... ..
.........# #####.## #.... #.
.........###########..####....##.
....................#.#..........


You could see an ice beast.

Vanquished Creatures
  A centaur (D:3)
  An orc wizard (D:3)
  3 adders
  3 oozes
  A worm (D:2)
  A dart slug (D:2)
  4 giant geckos
  2 orcs (D:3)
  A ball python (D:1)
  6 goblins
  9 hobgoblins
  5 jackals (D:1)
  A quokka (D:3)
  7 bats
  3 giant newts
  7 kobolds
  10 rats
65 creatures vanquished.

Notes
Turn   | Place    | Note
--------------------------------------------------------------
     0 | D:1      | KarmaPolice the Merfolk Gladiator began the quest for the Orb.
     0 | D:1      | Reached XP level 1. HP: 16/16 MP: 1/1
    76 | D:1      | Reached XP level 2. HP: 18/23 MP: 2/2
   191 | D:1      | Reached skill level 5 in Polearms
   212 | D:1      | Reached XP level 3. HP: 9/28 MP: 3/3
   797 | D:2      | Noticed Sigmund
   969 | D:2      | Reached XP level 4. HP: 25/34 MP: 4/4
  1524 | D:2      | Reached skill level 5 in Dodging
  2059 | D:3      | Noticed a centaur
  2066 | D:3      | Killed a centaur
  2066 | D:3      | Reached skill level 6 in Polearms
  2066 | D:3      | Reached XP level 5. HP: 12/42 MP: 5/5
  2681 | D:3      | Noticed an ice beast
  2694 | D:3      | Mangled by an ice beast

Skill      XL: |  1  2  3  4 |
---------------+-------------+-----
Polearms       | 5 6 |  6.6
Dodging        | 5 |  5.9
Fighting       | 3 |  3.8
Throwing       | |  2.0

Action                   |  1- 3 |  4- 6 || total
-------------------------+-------+-------++-------
Melee: Trident           |   103 |   134 ||   237
  Use: Scroll            |       |     6 ||     6
 Stab: Sleeping          |       |     1 ||     1
  Eat: Chunk             |       |     6 ||     6
Armor: Leather armour    |    27 |    25 ||    52
Dodge: Dodged            |    67 |    75 ||   142
